 Seeded DCSS version 0.28-a0-1594-ga885d4b3d6 (webtiles) character file.

Game seed: 11 (custom seed)

912 knot the Cleaver (level 7, 0/52 HPs)
             Began as a Demonspawn Berserker on Jan 20, 2022.
             Was a Believer of Trog.
             Slain by a wyvern zombie (8 damage)
             ... on level 5 of the Dungeon.
             The game lasted 00:04:50 (6784 turns).

knot the Cleaver (Demonspawn Berserker)             Turns: 6784, Time: 00:04:52

Health: 0/52       AC:  3    Str: 17    XL:     7   Next: 82%
Magic:  7/7        EV: 12    Int: 11    God:    Trog [**....]
Gold:   210        SH:  0    Dex: 12    Spells: 6/6 levels left

rFire   . . .      SeeInvis .   a - +0 hand axe
rCold   . . .      Faith    .   (no shield)
rNeg    . . .      Spirit   .   b - +0 animal skin
rPois   .          Reflect  .   (no helmet)
rElec   .          Harm     .   (no cloak)
rCorr   .          Rampage  .   (no gloves)
Will    .....                   x - +0 pair of boots
Stlth   +.........              (no amulet)
HPRegen 0.17/turn               (no ring)
MPRegen 0.10/turn               (no ring)

@: marked, on berserk cooldown, slowed, very slow
A: powered by death 2, sturdy frame 1, weakness stinger 1
a: Renounce Religion, Berserk, Trog's Hand


You were on level 5 of the Dungeon.
You worshipped Trog.
Trog was pleased with you.
You visited 1 branch of the dungeon, and saw 5 of its levels.
You also visited: Sewer.

You collected 210 gold pieces.

Inventory:

Hand Weapons
 a - a +0 hand axe (weapon)
Missiles
 d - 71 stones (quivered)
 j - 8 boomerangs
 q - 2 atropa-tipped darts
Armour
 b - a +0 animal skin (worn)
 x - a +0 pair of boots (worn)
Jewellery
 w - an amulet of magic regeneration
Scrolls
 f - 9 scrolls of identify {unknown}
 h - a scroll of enchant weapon {unknown}
 l - a scroll of fog {unknown}
 o - a scroll of summoning {unknown}
 p - 4 scrolls of teleportation {unknown}
 t - a scroll of fear {unknown}
Potions
 c - 3 potions of brilliance {unknown}
 e - 3 potions of mutation {unknown}
 g - a potion of attraction {unknown}
 i - 2 potions of lignification {unknown}
 k - a potion of curing {unknown}
 m - 2 potions of magic {unknown}
 n - 4 potions of degeneration {unknown}
 r - 2 potions of cancellation {unknown}
 s - a potion of berserk rage {unknown}
 u - a potion of flight {unknown}
 v - a potion of invisibility {unknown}


   Skills:
 - Level 3.0 Fighting
 + Level 8.7 Axes
 - Level 1.7 Armour
 - Level 1.7 Dodging


You had 6 spell levels left.
You didn't know any spells.
Your spell library contained the following spells:

 Spells                   Type           Power      Damage    Failure   Level
 Blink                    Tloc           0%         N/A       47%         2
 Manifold Assault         Tloc           0%         N/A       100%        5
 Storm Form               Tmut/Air       0%         N/A       100%        7


Dungeon Overview and Level Annotations

Branches:
Dungeon (5/15)              Sewer (visited)
 Temple: D:4-7

Altars:
Ashenzari
Cheibriados
Dithmenos
Elyvilon
Makhleb
Ru
Trog
Vehumet
Yredelemnul


Innate Abilities, Weirdness & Mutations

You regenerate health from kills.
Your movements are slightly less encumbered by armour. (ER -2)
You have a small tail.


Message History

You feel yourself moving faster!
You feel mighty!
A wyvern zombie comes into view.
You slash the iguana!
Your tail-slap misses the iguana.
The iguana is severely wounded.
The iguana barely misses you.
You slice the iguana!!
You kill the iguana!
Trog accepts your kill.
Found an ivory wand.
You feel a strong urge to attack something.
You feel your anger nearly subside. The wyvern zombie barely misses you.
You slash the wyvern zombie!
The wyvern zombie is moderately damaged.
You are no longer berserk.
You are exhausted.
You feel yourself slow down. The wyvern zombie bites you.
You slash the wyvern zombie! You tail-slap the wyvern zombie.
The wyvern zombie is heavily damaged.
The wyvern zombie bites you.
You barely miss the wyvern zombie.
The wyvern zombie is heavily damaged.
The wyvern zombie barely misses you.
The wyvern zombie completely misses you.
You hit the wyvern zombie.
The wyvern zombie is severely damaged.
The wyvern zombie bites you!
An adder comes into view.
You slash the wyvern zombie!
You tail-slap the wyvern zombie, but do no damage.
The wyvern zombie is almost destroyed.
The wyvern zombie bites you! The wyvern zombie bites you.
An ogre comes into view. It is wielding a +0 giant club.
You hit the wyvern zombie.
The wyvern zombie is almost destroyed.
An adder comes into view.
The wyvern zombie bites you!
* * * LOW HITPOINT WARNING * * *
The wyvern zombie bites you!
You die...

# ## . .. .##.# . #. ..#.#S.
#.###.......#. #..S#....##... .
####..#...........
#.##.#...............#
..O.....@Z...............
#...#...................
#.##...#.................>.
.....(.....................
.........#................. ..
/.#......##......#......... #..#
..###...###................ ##..#
#..##.....................#
#...####.........................


You could see an ogre, 2 adders and a wyvern zombie.

Vanquished Creatures
  Eustachio (D:4)
  3 ogres (D:5)
  A centaur (D:5)
  A phantom (D:4)
  A scorpion (D:4)
  A hound (D:5)
  A bullfrog skeleton (D:4)
  2 iguanas
  4 gnolls (D:4)
  2 adders
  7 river rats
  A worm (D:2)
  A dart slug (D:3)
  An orc (D:3)
  6 endoplasms
  4 giant cockroaches
  4 goblins
  3 hobgoblins
  4 jackals
  7 kobolds
  2 quokkas
  11 ball pythons
  8 bats
  5 frilled lizards
  16 rats
97 creatures vanquished.

Notes
Turn   | Place    | Note
-------+----------+-------------------------------------------
     0 | D:1      | knot the Demonspawn Berserker began the quest for the Orb.
     0 | D:1      | Reached XP level 1. HP: 18/18 MP: 1/1
    51 | D:1      | Reached skill level 3 in Axes
    62 | D:1      | Gained mutation: You regenerate a little health from kills.
                  | [demonic ancestry]
    62 | D:1      | Reached XP level 2. HP: 14/24 MP: 2/2
   795 | D:1      | Found a faded altar of an unknown god.
   848 | D:1      | Reached ** piety under Trog
   997 | D:2      | Gained mutation: Your movements are slightly less
                  | encumbered by armour. (ER -2) [demonic ancestry]
   997 | D:2      | Reached XP level 3. HP: 26/29 MP: 3/3
  1264 | D:2      | Reached skill level 4 in Axes
  2086 | D:3      | Found a glowing drain.
  2101 | D:3      | Reached XP level 4. HP: 11/35 MP: 4/4
  2301 | Sewer    | Entered a sewer
  2455 | Sewer    | Reached skill level 5 in Axes
  2879 | Sewer    | Reached XP level 5. HP: 24/41 MP: 5/5
  3958 | D:3      | Found a shadowy altar of Dithmenos.
  3961 | D:3      | Found a bloodstained altar of Trog.
  3962 | D:3      | Found a basalt altar of Yredelemnul.
  3962 | D:3      | Found a radiant altar of Vehumet.
  3962 | D:3      | Found a burning altar of Makhleb.
  3964 | D:3      | Found a broken altar of Ashenzari.
  3965 | D:3      | Found a snail-covered altar of Cheibriados.
  3967 | D:3      | Found a sacrificial altar of Ru.
  4143 | D:4      | Reached skill level 6 in Axes
  4351 | D:4      | Gained mutation: You have a small tail. [demonic ancestry]
  4351 | D:4      | Reached XP level 6. HP: 44/47 MP: 6/6
  4824 | D:4      | Noticed Eustachio
  4845 | D:4      | Killed Eustachio
  4846 | D:4      | Reached skill level 7 in Axes
  5041 | D:4      | Gained mutation: You regenerate health from kills. [demonic
                  | ancestry]
  5041 | D:4      | Reached XP level 7. HP: 18/52 MP: 7/7
  5916 | D:5      | Entered Level 5 of the Dungeon
  6238 | D:5      | Reached skill level 8 in Axes
  6784 | D:5      | Slain by a wyvern zombie

Illustrated notes

Levels and vault maps discovered:
D:1:      minmay_arrival_nine_rooms, layout_rooms, basic_ecumenical_altar
D:2:      layout_basic
D:3:      layout_loops_ring, minitemple, portal_sewer_entry_b,
          lemuel_old_faithful
D:4:      layout_basic, uniq_eustachio
D:5:      layout_layer_cave, minivault_24

Skill      XL: |  1  2  3  4  5  6  7 |
---------------+----------------------+-----
Axes           | 3 4 5 6 7 8 |  8.7
Fighting       | |  3.0
Armour         | |  1.7
Dodging        | |  1.7

Action                   |  1- 3 |  4- 6 |  7- 9 || total
-------------------------+-------+-------+-------++-------
Melee: Hand axe          |   139 |   160 |    40 ||   339
       Punch             |     2 |     2 |       ||     4
       Tailslap          |       |     4 |     9 ||    13
Throw: Stone             |       |       |     2 ||     2
Invok: Berserk           |     3 |     7 |     5 ||    15
       Trog's Hand       |       |     1 |       ||     1
 Stab: Sleeping          |     1 |     5 |       ||     6
Armor: Animal skin       |    35 |    12 |     3 ||    50
Dodge: Dodged            |   112 |    78 |    15 ||   205

Table legend: (Time is in decaauts)
 A = Elapsed time spent in this place.
 B = Non-inter-level travel time spent in this place.
 C = Inter-level travel time spent in this place.
 D = Time resting spent in this place.
 E = Time spent auto-exploring this place.
 F = Levels seen in this place.
 G = Mean time per level.
                   A        B        C        D        E       F      G
               +--------+--------+--------+--------+--------+-----+--------+
         Total |   6959 |   6777 |    182 |   2913 |   3101 |   6 | 1159.8 |
       Dungeon |   5703 |   5521 |    182 |   2199 |   2785 |   5 | 1140.6 |
         Sewer |   1255 |   1255 |      0 |    714 |    315 |   1 | 1255.0 |
               +--------+--------+--------+--------+--------+-----+--------+

Top non-repeatable levels by time:
     D:4: 1928 daAuts
   Sewer: 1255 daAuts
     D:2: 1090 daAuts
     D:1: 1003 daAuts
     D:5: 886 daAuts
     D:3: 794 daAuts
